 Dungeon Crawl Stone Soup version 0.29.1-15-g9cfb28693d (webtiles) character file.

Game seed: 14180833540643255213

105678 Ijustatesigmund the Thaumaturge (level 16, -28/144 HPs)
             Began as a Gargoyle Earth Elementalist on May 1, 2023.
             Was the Champion of Cheibriados.
             Annihilated by Donald
             ... wielding a +0 broad axe
              (33 damage)
             ... on level 1 of the Snake Pit.
             The game lasted 01:33:06 (37735 turns).

Ijustatesigmund the Thaumaturge (GrEE)             Turns: 37735, Time: 01:33:07

Health: -28/144    AC: 29    Str: 30    XL:     16   Next: 42%
Magic:  25/42      EV: 12    Int: 36    God:    Cheibriados [******]
Gold:   1221       SH: 13    Dex: 25    Spells: 24/41 levels left

rFire   + . .      SeeInvis .   e - +9 morningstar
rCold   . . .      Faith    .   n - +2 buckler
rNeg    + . .      Spirit   .   a - +3 leather armour {rF+}
rPois   ∞          Reflect  +   X - +2 hat
rElec   +          Harm     .   o - +1 cloak
rCorr   .          Rampage  .   f - +1 pair of gloves {Stlth+}
Will    +....                   (no boots)
Stlth   ..........              p - amulet of reflection
HPRegen 0.34/turn               m - +4 ring of protection
MPRegen 0.28/turn               t - ring of magical power

@: berserking (expiring), flying, studying 2 skills, very slow
A: sickness immunity, AC +12, big wings, negative energy resistance 1,
electricity resistance, torment resistance 1, petrification resistance
a: Renounce Religion, Bend Time, Temporal Distortion, Slouch, Step From Time


You were on level 1 of the Snake Pit.
You worshipped Cheibriados.
Cheibriados was exalted by your worship.
You visited 6 branches of the dungeon, and saw 26 of its levels.
You also visited: Sewer and Bailey.

You collected 3198 gold pieces.
You spent 1977 gold pieces at shops.

Inventory:

Hand Weapons
 e - a +9 morningstar (weapon)
 q - a +0 broad axe of draining
 z - a +4 flail
Missiles
 B - 6 throwing nets
Armour
 a - a +3 leather armour of fire resistance (worn)
 f - a +1 pair of gloves of stealth (worn)
 n - a +2 buckler (worn)
 o - a +1 cloak (worn)
 y - the +2 robe "Meid Fewn" {rC- Int+5 Dex+4}
   (You found it on level 6 of the Dungeon)

   Int:       It affects your intelligence (+5).
   Dex:       It affects your dexterity (+4).
   rC:        It makes you vulnerable to cold.
 S - the +1 robe of Limited Liability {rC++ Str+2 Dex+6}
   (You found it on level 2 of the Lair of Beasts)

   Str:       It affects your strength (+2).
   Dex:       It affects your dexterity (+6).
   rC:        It greatly protects you from cold.
 X - a +2 hat (worn)
Jewellery
 k - a ring of magical power
 m - a +4 ring of protection (left hand)
 p - an amulet of reflection (around neck)
 r - a ring of protection from cold
 t - a ring of magical power (right hand)
 u - a ring of fire
 D - a +4 ring of evasion
 I - the ring of Onuh {rPois Will+ Str+4 Dex+4}
   (You took it off an orc warlord on level 8 of the Dungeon)

   [ring of willpower]

   Str:       It affects your strength (+4).
   Dex:       It affects your dexterity (+4).
   rPois:     It protects you from poison.
   Will:      It increases your willpower.
 L - an amulet of the acrobat
 O - the ring of Gemoqea {rPois Str-4 Int+2 SInv}
   (You found it on level 13 of the Dungeon)

   [ring of see invisible]

   Str:       It affects your strength (-4).
   Int:       It affects your intelligence (+2).
   rPois:     It protects you from poison.
   SInv:      It lets you see invisible.
 U - a ring of ice
Wands
 A - a wand of flame (34)
 F - a wand of mindburst (20)
 N - a wand of roots (13)
 Q - a wand of paralysis (7)
 T - a wand of digging (5)
Scrolls
 h - 5 scrolls of teleportation
 l - a scroll of immolation
 s - a scroll of fear
 w - 5 scrolls of poison
 C - 6 scrolls of butterflies
 E - 3 scrolls of enchant armour
 J - 2 scrolls of magic mapping
 M - 6 scrolls of identify
 R - a scroll of summoning
 W - a scroll of enchant weapon
Potions
 b - 2 potions of magic
 c - 7 potions of curing
 d - 8 potions of mutation
 g - 2 potions of brilliance
 i - 4 potions of might
 j - a potion of ambrosia
 v - a potion of resistance
 x - 4 potions of heal wounds
 G - 4 potions of lignification
 H - a potion of invisibility
 K - 2 potions of cancellation
 V - a potion of berserk rage


   Skills:
 - Level 9.7 Fighting
 + Level 9.4 Maces & Flails
 - Level 6.2 Armour
 - Level 1.5 Dodging
 - Level 5.0 Stealth
 - Level 3.6 Shields
 + Level 13.2 Spellcasting
 - Level 10.8 Conjurations
 + Level 5.3 Necromancy
 - Level 0.7 Transmutations
 - Level 6.0 Fire Magic
 - Level 10.5 Earth Magic
 + Level 12.6 Invocations
 - Level 7.8 Evocations


You had 24 spell levels left.
You knew the following spells:

 Your Spells              Type           Power      Damage    Failure   Level
a - Sandblast             Erth           100%       2d20      1%          1
b - Stone Arrow           Conj/Erth      100%       3d13      1%          3
c - Flame Wave            Conj/Fire      71%        2d16      1%          4
d - Borgnjor's Vile Clut  Necr/Erth      34%        N/A       2%          5
e - Dispel Undead         Necr           58%        3d21      2%          4

Your spell library contained the following spells:

 Spells                   Type           Power      Damage    Failure   Level
 Beastly Appendage        Tmut           56%        N/A       1%          1
 Foxfire                  Conj/Fire      100%       2x1d9     1%          1
 Magic Dart               Conj           100%       1d8       1%          1
 Shock                    Conj/Air       100%       1d9       1%          1
 Passwall                 Tmut/Erth      49%        N/A       1%          2
 Conjure Flame            Conj/Fire      71%        6-21      1%          3
 Mephitic Cloud           Conj/Pois/Air  49%        N/A       1%          3
 Lee's Rapid Deconstruct  Erth           39%        3d20*     1%          5
 Wereblood                Tmut           28%        N/A       2%          2
 Inner Flame              Hex/Fire       45%        N/A       2%          3
 Animate Dead             Necr           58%        N/A       2%          4
 Leda's Liquefaction      Hex/Erth       28%        N/A       2%          4
 Petrify                  Tmut/Erth      59%        N/A       2%          4
 Call Imp                 Summ           23%        N/A       3%          2
 Ensorcelled Hibernation  Hex/Ice        46%        N/A       3%          2
 Poisonous Vapours        Pois/Air       46%        N/A       3%          2
 Spider Form              Tmut/Pois      26%        N/A       6%          3
 Frozen Ramparts          Ice            46%        1d7       8%          3
 Swiftness                Air            23%        N/A       8%          3
 Corpse Rot               Necr/Pois/Air  36%        N/A       12%         4
 Freezing Cloud           Conj/Ice/Air   24%        6-21      16%         5
 Ice Form                 Ice/Tmut       26%        N/A       22%         4
 Airstrike                Air            11%        2d(2-18)  24%         4
 Summon Ice Beast         Ice/Summ       23%        N/A       24%         4
 Death Channel            Necr           29%        N/A       38%         6
 Simulacrum               Ice/Necr       21%        N/A       77%         6
 Polar Vortex             Ice            11%        N/A       100%        9
 Statue Form              Tmut/Erth      Unusable   N/A       N/A         6

Dungeon Overview and Level Annotations

Branches:
Dungeon (15/15)            Temple (1/1) D:4            Lair (5/5) D:9
 Shoals (1/4) Lair:2        Snake (2/4) Lair:3        Slime (0/5) Lair:5
    Orc (2/2) D:10            Elf (0/3) Orc:2        Vaults (0/5) D:13
  Sewer (visited)          Bailey (visited)
 Depths: D:15

Altars:
Ashenzari
Cheibriados
Dithmenos
Elyvilon
Fedhas
Gozag
Hepliaklqana
Kikubaaqudgha
Makhleb
Nemelex Xobeh
Okawaru
Qazlal
Ru
Sif Muna
Trog
Uskayaw
Vehumet
Wu Jian
Xom
Yredelemnul
Zin
The Shining One
Jiyva

Shops:
D:5 ?   D:7 ?[*   D:9 :   Orc:2 ?:!!   Snake:1 :[   Snake:2 !

Annotations:
Snake:1 Donald


Innate Abilities, Weirdness & Mutations

You are immune to sickness and miasma.
Your stone body is resilient. (AC +12)
You are immune to poison.
Your large and strong wings let you fly.
You resist negative energy. (rN+)
You are resistant to electric shocks. (rElec)
You are resistant to unholy torment.
You are immune to petrification.


Message History

Donald is moderately wounded.
You block Donald's attack. Donald blocks your attack.
SHROANNG!
Donald is moderately wounded.
Donald says, "Am I talking too fast for you?"
Donald hits you but does no damage. Donald hits you with a +0 broad axe!!
Donald blocks your attack.
SHROANNG!
Donald is moderately wounded.
You block Donald's attack.
Donald says, "Am I talking too fast for you?"
Donald completely misses you.
You hit Donald.
Donald is heavily wounded.
Donald hits you with a +0 broad axe!!
You bludgeon Donald!!
Donald is severely wounded.
Donald says, "You know that slithering noise?
I hate that."
Donald closely misses you.
Donald says, "You know, if you want, I know a very good posture trainer."
You block Donald's attack. Donald blocks your attack.
SHROANNG!
Donald is severely wounded.
Donald says, "You know that hissing noise?
I hate that."
Donald hits you with a +0 broad axe!
* * * LOW HITPOINT WARNING * * *
Donald blocks your attack.
GONNNNG!
Donald is severely wounded.
Donald hits you with a +0 broad axe!!
* * * LOW HITPOINT WARNING * * *
Donald hits you with a +0 broad axe.
* * * LOW HITPOINT WARNING * * *
You are too berserk!
You hit Donald.
Donald is severely wounded.
Donald hits you with a +0 broad axe!!
You die...

#......# ###.# ######....#.##
###.## ##...#....#..# ##.....
##...#.#####.# #####..#...
.#...#...###.# #####..........
.#........##.# #...#.###....#.
..........##.# ####.....# #......
#.......).##.###†.....### ##.....
#..###.##.......@#...#######..^..
...###.#.......@.....#...#.......
....##...#....................#..
.###.....}...<.......#.....#.##..
..###.....[..##......#....##.....
...###....####.......###..##.....
....###...# #.....[.....##.....#
∩....####.####....#....##......##
..#...##....###.......÷#..##...##


You could see Donald (fast, strong).

Vanquished Creatures
  Frances (Snake:2)
  Roxanne (Snake:2)
  Aizul (Snake:1)
  An orc warlord (D:8)
  An ironbound preserver (D:13)
  Snorg (D:14)
  Josephine (D:14)
  Harold (D:11)
  11 hydras
  A boulder beetle (D:11)
  Fannar (D:11)
  Erolcha (Orc:1)
  5 two-headed ogres
  2 anacondas (Snake:1)
  5 centaur warriors
  The ghost of Nicluhom the Fighter, a journeyman KoAE of Vehumet (Lair:1)
  3 death yaks
  6 orc high priests
  A hell knight (D:11)
  2 naga sharpshooters
  Urug (D:10)
  A shock serpent (Snake:1)
  Nergalle (D:11)
  Lodul (D:11)
  4 skeletal warriors
  A goliath frog (Lair:5)
  Pikel (D:3)
  9 orc knights
  A deep elf zephyrmancer (Orc:2)
  3 mana vipers
  An orc sorcerer (Orc:1)
  2 ugly things (D:13)
  2 deep elf pyromancers
  2 manticores (D:13)
  A cyclops (D:14)
  2 salamanders (Snake:1)
  6 elephants (Lair:5)
  Maurice (Orc:2)
  2 torpor snails
  9 black mambas
  18 cane toads
  3 gargoyles
  Psyche (D:11)
  2 naga magi (Snake:1)
  An unseen horror (D:10)
  A cane toad (shapeshifter) (D:15)
  8 komodo dragons
  2 kobold demonologists (D:13)
  A hornet (D:9)
  7 trolls
  3 tyrant leeches (Lair:5)
  Grinder (D:6)
  3 meliai (D:13)
  A polar bear (Lair:2)
  24 slime creatures
  2 dream sheep (Lair:3)
  8 blink frogs (Lair:5)
  3 shadows
  A wyvern (D:8)
  A vampire (D:10)
  2 spriggans (Lair:1)
  7 wraiths
  Eustachio (D:6)
  33 yaks
  11 vampire mosquitoes
  5 basilisks
  4 wargs
  6 nagas
  2 acid dragons
  11 water moccasins
  A swamp drake (Orc:2)
  2 ice beasts (D:5)
  2 black bears
  46 orc warriors
  24 ogres
  8 centaurs
  6 wolves (Lair:2)
  2 phantoms (D:5)
  Blork the orc (D:7)
  7 kobold brigands
  19 bullfrogs
  A gnoll sergeant (D:10)
  3 necrophages
  2 scorpions
  4 wights (D:8)
  21 killer bees
  3 howler monkeys
  6 electric eels
  A crimson imp (Orc:2)
  5 hounds
  35 orc priests
  A gnoll bouda (D:6)
  An iguana (D:5)
  An iron imp (Orc:2)
  6 hell rats (Lair:3)
  24 orc wizards
  11 gnolls
  7 adders
  3 river rats (Sewer)
  2 shadow imps
  A white imp (Orc:2)
  2 ufetubi
  2 worms
  2 dart slugs
  91 orcs
  6 ball pythons
  5 endoplasms
  4 giant cockroaches
  11 hobgoblins
  7 jackals
  46 kobolds
  5 quokkas
  3 bats
  2 frilled lizards (Sewer)
  16 goblins
  6 rats
  2 spectral orcs
737 creatures vanquished.

Vanquished Creatures (others)
  A polar bear (Lair:1)
  An orc warrior (Orc:2)
  2 orc wizards
  An orc (Orc:2)
  5 demonic plants (D:1)
  37 fungi
  108 plants
  6 withered plants (D:1)
161 creatures vanquished.

Grand Total: 898 creatures vanquished

Notes
Turn   | Place    | Note
-------+----------+-------------------------------------------
     0 | D:1      | Ijustatesigmund the Gargoyle Earth Elementalist began the
                  | quest for the Orb.
     0 | D:1      | Reached XP level 1. HP: 10/10 MP: 3/3
   278 | D:1      | Reached XP level 2. HP: 15/15 MP: 1/5
   643 | D:1      | Found a faded altar of an unknown god.
   815 | D:1      | Reached XP level 3. HP: 19/19 MP: 4/6
   819 | D:1      | Learned a level 3 spell: Stone Arrow
  1412 | D:2      | Reached skill level 1 in Fighting
  1437 | D:2      | Reached skill level 1 in Conjurations
  2143 | D:3      | Reached XP level 4. HP: 25/25 MP: 2/8
  2249 | D:3      | Reached skill level 3 in Spellcasting
  2440 | D:3      | Found a hazy altar of Hepliaklqana.
  2731 | D:4      | Reached XP level 5. HP: 28/30 MP: 5/9
  2873 | D:4      | Found a glowing drain.
  2906 | Sewer    | Entered a sewer
  2986 | Sewer    | Noticed a kobold brigand
  2991 | Sewer    | Killed a kobold brigand
  3148 | Sewer    | Noticed a kobold brigand
  3156 | Sewer    | Killed a kobold brigand
  3157 | Sewer    | Reached skill level 4 in Spellcasting
  3157 | Sewer    | Reached XP level 6. HP: 36/36 MP: 11/12
  3788 | D:4      | Reached XP level 7. HP: 40/40 MP: 13/13
  3910 | D:4      | Noticed Pikel
  3932 | D:3      | Killed Pikel
  3933 | D:3      | Reached skill level 5 in Spellcasting
  3933 | D:3      | Reached skill level 5 in Conjurations
  3933 | D:3      | Reached XP level 8. HP: 38/45 MP: 11/16
  4099 | D:4      | Found a staircase to the Ecumenical Temple.
  4182 | D:4      | Found a bloodstained altar of Trog.
  4402 | Temple   | Entered the Ecumenical Temple
  4590 | D:5      | Entered Level 5 of the Dungeon
  4666 | D:5      | Found a shimmering altar of Xom.
  5049 | D:5      | Found Goecwuim's Magic Scroll Boutique.
  5052 | D:5      | Bought a scroll of teleportation for 39 gold pieces
  5052 | D:5      | Bought a scroll of magic mapping for 97 gold pieces
  5052 | D:5      | Bought a scroll of teleportation for 39 gold pieces
  5052 | D:5      | Bought a scroll of enchant armour for 97 gold pieces
  5071 | D:5      | Reached skill level 6 in Spellcasting
  5174 | D:5      | Found an ornate altar of the Wu Jian Council.
  5779 | D:5      | Reached skill level 5 in Earth Magic
  5779 | D:5      | Reached XP level 9. HP: 46/49 MP: 18/18
  6302 | D:6      | Found a burning altar of Makhleb.
  6411 | D:6      | Found a stormy altar of Qazlal.
  6432 | D:6      | Identified the +2 robe "Meid Fewn" {rC- Int+5 Dex+4}
  6569 | D:6      | Noticed Eustachio
  6576 | D:6      | Killed Eustachio
  6683 | D:6      | Noticed Blork the orc
  6741 | D:6      | Noticed Grinder
  6747 | D:6      | Killed Grinder
  7083 | D:6      | Reached skill level 7 in Spellcasting
  7388 | D:6      | Reached skill level 5 in Evocations
  7670 | D:6      | Found a blossoming altar of Fedhas.
  7744 | D:6      | Found a basalt altar of Yredelemnul.
  8260 | D:7      | Reached XP level 10. HP: 54/54 MP: 21/21
  8334 | D:7      | Found Reklurof's Magic Scroll Shoppe.
  8344 | D:7      | Found a flagged portal.
  8366 | Bailey   | Entered a bailey
  8574 | Bailey   | Noticed an orc warlord
  8725 | Bailey   | Reached skill level 5 in Maces & Flails
  8725 | Bailey   | Reached XP level 11. HP: 67/67 MP: 22/22
  8764 | Bailey   | Found a runed translucent gate.
  8767 | Bailey   | Found a runed translucent gate.
  8767 | Bailey   | Identified the ring of Onuh {rPois Will+ Str+4 Dex+4}
  8768 | Bailey   | Found a runed translucent gate.
  8775 | Bailey   | Noticed an orc knight
  8806 | Bailey   | Killed an orc knight
  9888 | D:7      | Found a sacrificial altar of Ru.
  9896 | D:7      | Reached skill level 5 in Stealth
  9896 | D:7      | Reached skill level 8 in Spellcasting
  9896 | D:7      | Reached XP level 12. HP: 72/72 MP: 20/24
  9981 | D:7      | Bought a scroll of poison for 64 gold pieces
  9981 | D:7      | Bought a scroll of blinking for 120 gold pieces
  9981 | D:7      | Bought a scroll of enchant weapon for 120 gold pieces
 10067 | D:7      | You fall into a shaft and drop 3 floors!
 10067 | D:10     | Entered Level 10 of the Dungeon
 10102 | D:10     | Noticed a five-headed hydra
 10115 | D:10     | Killed a five-headed hydra
 10337 | D:10     | Identified the +7 quarterstaff of Bohusk {elec, rElec rF-
                  | rCorr Int+5}
 10718 | D:7      | Found Garphas's Armour Boutique.
 10763 | D:7      | Found Wada's Assorted Antiques.
 10771 | D:7      | Bought a fluorescent wand for 116 gold pieces
 10803 | D:7      | Found a white marble altar of Elyvilon.
 11035 | D:7      | Killed Blork the orc
 11626 | D:8      | Reached skill level 10 in Conjurations
 12354 | D:8      | Killed an orc warlord
 12355 | D:8      | Reached skill level 9 in Spellcasting
 12922 | D:9      | Found Heelid's Tremendous Tomes.
 12934 | D:9      | Noticed a death yak
 12934 | D:9      | Noticed a death yak
 12936 | D:9      | Noticed a death yak
 12959 | D:9      | Killed a death yak
 12991 | D:10     | Noticed a two-headed ogre
 13268 | D:10     | Killed a two-headed ogre
 13269 | D:10     | Reached skill level 10 in Earth Magic
 13712 | D:10     | Found a snail-covered altar of Cheibriados.
 13830 | D:10     | Became a worshipper of Cheibriados the Contemplative
 13893 | D:10     | Reached skill level 1 in Invocations
 14159 | D:10     | Found an opulent altar of Gozag.
 14320 | D:10     | Noticed a two-headed ogre
 14324 | D:10     | Killed a two-headed ogre
 14325 | D:10     | Reached XP level 13. HP: 73/76 MP: 23/26
 14399 | D:10     | Found a staircase to the Orcish Mines.
 14735 | D:10     | Reached * piety under Cheibriados
 15047 | D:10     | Reached skill level 1 in Shields
 15305 | D:10     | Noticed Urug
 15312 | D:10     | Killed Urug
 15919 | D:11     | Noticed Fannar
 15932 | D:11     | Killed Fannar
 16128 | D:11     | Noticed Nergalle
 16139 | D:11     | Noticed Lodul
 16141 | D:11     | Killed Nergalle
 16142 | D:11     | Reached skill level 10 in Spellcasting
 16144 | D:11     | Noticed Psyche
 16147 | D:11     | Killed Lodul
 16423 | D:11     | Killed Psyche
 16423 | D:11     | Reached ** piety under Cheibriados
 16426 | D:11     | Noticed Harold
 16442 | D:11     | Killed Harold
 17851 | D:12     | Reached skill level 5 in Invocations
 18543 | D:12     | Reached *** piety under Cheibriados
 19037 | D:13     | Identified the ring of Gemoqea {rPois Str-4 Int+2 SInv}
 19041 | D:13     | Found a glowing golden altar of the Shining One.
 19100 | D:13     | Reached skill level 11 in Spellcasting
 19405 | D:13     | Found a gate to the Vaults.
 19405 | D:13     | Noticed an ironbound preserver
 19428 | D:13     | Killed an ironbound preserver
 19574 | D:13     | Gained mutation: Your large and strong wings let you fly.
                  | [Gargoyle growth]
 19574 | D:13     | Reached XP level 14. HP: 62/84 MP: 21/29
 21489 | D:14     | Reached **** piety under Cheibriados
 21608 | D:14     | Noticed Snorg
 21611 | D:14     | Noticed Josephine
 21620 | D:14     | Killed Snorg
 21626 | D:14     | Killed Josephine
 23131 | D:14     | Learned a level 4 spell: Flame Wave
 23307 | D:15     | Entered Level 15 of the Dungeon
 23578 | D:11     | Reached skill level 1 in Fire Magic
 24170 | D:9      | Found a staircase to the Lair.
 24670 | Lair:1   | Entered Level 1 of the Lair of Beasts
 24976 | Lair:1   | Reached ***** piety under Cheibriados
 24987 | Lair:1   | Reached skill level 10 in Invocations
 25489 | Lair:1   | Found a runed translucent door.
 25504 | Lair:1   | Noticed Nicluhom's ghost (journeyman KoAE)
 25505 | Lair:1   | Identified the +10 spear of Evisceration {flame, rPois}
 25509 | Lair:1   | Killed Nicluhom's ghost
 25976 | Lair:2   | Found a sacrificial altar of Ru.
 26227 | Lair:2   | Found a burning altar of Makhleb.
 26410 | Lair:2   | Identified the +1 robe of Limited Liability {rC++ Str+2
                  | Dex+6}
 26420 | Lair:2   | Found a staircase to the Shoals.
 26800 | Lair:3   | Learned a level 5 spell: Borgnjor's Vile Clutch
 26826 | Lair:3   | Found a staircase to the Snake Pit.
 27136 | Lair:3   | Reached XP level 15. HP: 87/92 MP: 30/30
 27369 | Lair:3   | Reached skill level 1 in Necromancy
 27526 | Lair:3   | Reached skill level 12 in Spellcasting
 28206 | Lair:4   | Reached ****** piety under Cheibriados
 29034 | Lair:5   | Entered Level 5 of the Lair of Beasts
 29295 | Lair:5   | Reached skill level 5 in Fire Magic
 30282 | Lair:5   | Found a viscous altar of Jiyva.
 30282 | Lair:5   | Found a staircase to the Slime Pits.
 31159 | Orc:1    | Entered Level 1 of the Orcish Mines
 31769 | Orc:2    | Entered Level 2 of the Orcish Mines
 31787 | Orc:2    | Noticed Erolcha
 31814 | Orc:1    | Killed Erolcha
 32933 | Orc:2    | Found a staircase to the Elven Halls.
 33178 | Orc:2    | Noticed Maurice
 33183 | Orc:2    | Killed Maurice
 34056 | Orc:2    | Reached XP level 16. HP: 39/96 MP: 28/32
 35287 | Orc:2    | Found Nuddorghu's Magic Scroll Shoppe.
 35290 | Orc:2    | Found Kuk Yxuty's Distillery.
 35291 | Orc:2    | Found Gih Siki's Distillery.
 35292 | Orc:2    | Found Bop Lapa's Book Shoppe.
 35295 | Orc:2    | Bought a potion of heal wounds for 65 gold pieces
 35295 | Orc:2    | Bought a potion of heal wounds for 65 gold pieces
 35296 | Orc:2    | Bought a potion of mutation for 88 gold pieces
 35296 | Orc:2    | Bought a potion of mutation for 88 gold pieces
 35296 | Orc:2    | Bought a potion of berserk rage for 55 gold pieces
 35299 | Orc:2    | Bought a scroll of poison for 44 gold pieces
 35299 | Orc:2    | Bought a scroll of teleportation for 33 gold pieces
 35299 | Orc:2    | Bought a scroll of poison for 44 gold pieces
 35299 | Orc:2    | Bought a scroll of teleportation for 33 gold pieces
 35299 | Orc:2    | Bought a scroll of blinking for 82 gold pieces
 35515 | Shoals:1 | Entered Level 1 of the Shoals
 35549 | Snake:1  | Entered Level 1 of the Snake Pit
 35871 | Snake:1  | Found Idongeso's Armour Shop.
 35871 | Snake:1  | Found Otwime Toes's Book Boutique.
 35909 | Snake:1  | Bought a book of Decay for 544 gold pieces
 35914 | Snake:1  | Learned a level 4 spell: Dispel Undead
 36013 | Snake:1  | Reached skill level 13 in Spellcasting
 36439 | Snake:1  | Reached skill level 5 in Necromancy
 36597 | Snake:2  | Noticed Roxanne
 37233 | Snake:2  | Killed Roxanne
 37343 | Snake:2  | Noticed Frances
 37355 | Snake:2  | Killed Frances
 37588 | Snake:2  | Found Xeuss's Distillery.
 37599 | Snake:2  | Bought a potion of cancellation for 144 gold pieces
 37600 | Snake:2  | Noticed Aizul
 37618 | Snake:1  | Killed Aizul
 37704 | Snake:2  | Noticed Donald
 37734 | Snake:1  | HP: 7/144 [Donald/+0 broad axe (25)]
 37735 | Snake:1  | Annihilated by Donald

Illustrated notes

Levels and vault maps discovered:
D:1:      giann_horns, layout_basic, shapermc_ecumenical_altar_gd
D:2:      layout_loops_ring
D:3:      layout_loops_ring, nicolae_hepliaklqana_monster_ancestors
D:4:      layout_rooms, lemuel_tele_altar, minmay_temple_entry_overgrown,
          portal_sewer_entry_f, uniq_pikel
D:5:      layout_cave_pods, mainiacjoe_overflow_concentric_impassable,
          mainiacjoe_overflow_surrounded_room, serial_shops,
          kennysheep_mini_moat, serial_park_tiny_pond, minmay_manual_maat
D:6:      kennysheep_housing_project, layout_loops_corners,
          grunt_qazlal_sundering, amcnicky_altar_gilded,
          makhleb_heckhound_becter, yredelemnul_forgotten_temple_becter,
          uniq_blork_the_orc, uniq_eustachio, uniq_grinder
D:7:      layout_basic, nicolae_elyvilon_temple_path,
          nicolae_ru_great_annihilating_truth, enter_bailey_5, serial_glass,
          glass_columns_a, glass_columns_a, minmay_strange_pillars,
          serial_shops, shop, shop, shop, nicolae_elevator_lobby_plus
D:8:      layout_layer_cave
D:9:      layout_loops_ring, dpeg_lair_monsters, nicolae_shop_i_like_big_books
D:10:     layout_grid_maze, mainiacjoe_overflow_small_starburst,
          mainiacjoe_overflow_brackets, kennysheep_orc_monster_closet_entryway,
          serial_rivers, chequers_serial_rivers_small_b,
          chequers_serial_rivers_micro_d, chequers_serial_rivers_micro_e,
          chequers_serial_rivers_room_b, chequers_serial_rivers_small_3,
          grunt_ministairs_7, corner_web_ring, kennysheep_doodads, minivault_22,
          nrook_pool_corridor, minmay_checkerbox, uniq_urug
D:11:     layout_layer_cave, minivault_19, skrybe_limestone_x,
          kennysheep_island_fort, uniq_harold, uniq_fannar, uniq_psyche,
          uniq_lodul, uniq_nergalle
D:12:     layout_loops_ring
D:13:     layout_gridville, skrybe_vaults_entry_preservation,
          minmay_door_square, nicolae_tso_carved_into_rock
D:14:     layout_basic, uniq_snorg, uniq_josephine
D:15:     grunt_enter_depths_hoard, layout_long_grid,
          nicolae_uskayaw_dance_hall, uniq_nessos, uniq_azrael
Temple:   chequers_temple_sunken
Lair:1:   layout_chaotic_city, ebering_ghost_funeral_grove
Lair:2:   layout_long_grid, elwin_shoals_entry_rocks, basic_altar,
          grunt_forest_stairs_basic, lemuel_centaur_altar
Lair:3:   layout_cave_pods, minmay_snake_entry_guardpost_large,
          lemuel_fruit_fields
Lair:4:   layout_misc_corridors, grunt_megastairs_4
Lair:5:   minmay_lair_end_frog_pond, layout_cave_shapes, slime_entry_1,
          serial_bayou_shore_a
Shoals:1: layout_shoals
Snake:1:  layout_misc_corridors, minmay_shoptagon
Snake:2:  layout_grid_shapes, serial_shops, shop_statue, minmay_shop_grove,
          uniq_aizul, uniq_donald, uniq_roxanne, uniq_frances
Orc:1:    layout_caves, nicolae_orc_sculptors_studio
Orc:2:    st_orc_pillars, layout_caves, basic_altar, hangedman_minor_magic,
          uniq_maurice, uniq_erolcha

Skill      XL: |  1  2  3  4  5  6  7  8  9 10 11 12 13 14 15 16 |
---------------+-------------------------------------------------+-----
Earth Magic    | 4 5 7 9 10 | 10.5
Fighting       | 1 2 7 8 9 |  9.7
Conjurations   | 1 2 3 4 5 6 8 9 10 | 10.8
Spellcasting   | 3 4 5 6 7 8 9 11 12 13 | 13.2
Evocations     | 2 4 5 7 |  7.8
Maces & Flails | 5 6 8 9 |  9.4
Armour         | 6 |  6.2
Stealth        | 5 |  5.0
Invocations    | 1 7 10 11 12 | 12.6
Shields        | 3 |  3.6
Fire Magic     | 4 6 |  6.0
Necromancy     | 4 5 |  5.3
Dodging        | |  1.5
Transmutations | |  0.7

Action                   |  1- 3 |  4- 6 |  7- 9 | 10-12 | 13-15 | 16-18 || total
-------------------------+-------+-------+-------+-------+-------+-------++-------
Melee: Broad axe         |    23 |    28 |   117 |     9 |       |       ||   177
       Dagger            |     5 |       |       |       |       |       ||     5
       Punch             |     2 |     1 |     1 |     1 |     1 |       ||     6
       Flail             |       |       |       |    62 |       |       ||    62
       Morningstar       |       |       |       |    95 |   525 |    86 ||   706
 Cast: Sandblast         |    49 |    56 |    42 |    27 |    15 |       ||   189
       Stone Arrow       |       |     7 |    78 |   142 |   544 |   116 ||   887
       Flame Wave        |       |       |       |       |    36 |     2 ||    38
       Borgnjor's Vile C |       |       |       |       |     1 |     3 ||     4
Invok: Slouch            |       |       |       |       |     1 |     1 ||     2
Evoke: Wand              |       |       |     2 |     3 |    28 |     2 ||    35
  Use: Scroll            |     6 |     3 |     7 |    10 |    24 |     3 ||    53
       Potion            |     1 |     1 |     3 |     8 |     4 |     1 ||    18
 Stab: Sleeping          |     1 |       |     1 |       |     8 |     3 ||    13
       Invisible         |       |       |     1 |       |     1 |       ||     2
       Distracted        |       |       |       |       |     4 |       ||     4
Armor: Robe              |     4 |    37 |   149 |    25 |       |       ||   215
       Leather armour    |       |       |       |   180 |   398 |    73 ||   651
Dodge: Dodged            |    13 |    26 |   126 |   170 |   367 |    53 ||   755
Block: Other             |       |    17 |    44 |    75 |     7 |       ||   143
       Reflection        |       |     1 |     1 |     2 |    34 |    11 ||    49
       Buckler           |       |       |       |       |   614 |   100 ||   714
